 Dungeon Crawl Stone Soup version 0.18.1-50-g88ac8fd (webtiles) character file.

13144 lorenzova the Eclecticist (level 11, 0/54 HPs)
             Began as a Deep Elf Conjurer on Oct 21, 2016.
             Was the Champion of Sif Muna.
             Slain by a wolf (10 damage)
             ... on level 1 of the Lair of Beasts.
             The game lasted 00:52:07 (16910 turns).

lorenzova the Eclecticist (Deep Elf Conjurer)      Turns: 16910, Time: 00:52:08

Health: 0/54       AC:  4    Str:  5    XL:     11   Next: 71%
Magic:  15/56      EV: 12    Int: 24    God:    Sif Muna [******]
Gold:   464        SH:  3    Dex: 15    Spells: 7 memorised, 19 levels left

rFire  + . .     SeeInvis .     Z - staff of power
rCold  + . .     Gourm    .     T - +1 robe {rC+ rF+}
rNeg   . . .     Faith    .     x - +0 buckler
rPois  .         Spirit   .     U - +0 hat {MR+}
rElec  .         Dismiss  .     f - +0 cloak
rCorr  .         Reflect  .     (no gloves)
SustAt .         Harm     .     (no boots)
MR     ++...                    (no amulet)
Stlth  ++........               S - ring of magical power
                                k - ring of wizardry

@: very resistant to hostile enchantments, unstealthy
A: no striking features
a: Channel Energy, Forget Spell, Renounce Religion


You were on level 1 of the Lair of Beasts.
You worshipped Sif Muna.
Sif Muna was exalted by your worship.
You were very hungry.

You visited 3 branches of the dungeon, and saw 13 of its levels.
You also visited: Ossuary.

You collected 464 gold pieces.

Inventory:

Hand Weapons
 n - the +7 trident of the First Dances {holy, +Rage +Inv rC- Dex+4}
   (You found it on level 10 of the Dungeon)

   It has been blessed by the Shining One to cause great damage to the undead
   and demons.
   It affects your dexterity (+4).
   It makes you vulnerable to cold.
   It lets you turn invisible.
   It lets you go berserk.
 o - a +1 dagger of venom
Armour
 f - a +0 cloak (worn)
 x - a +0 buckler (worn)
 T - a +1 robe of resistance (worn)
 U - a +0 hat of magic resistance (worn)
Magical Staves
 L - an uncursed staff of air
 Z - an uncursed staff of power (weapon)
Jewellery
 j - an uncursed amulet of rage
 k - a ring of wizardry (left hand)
 s - an uncursed ring of resist corrosion
 y - an uncursed amulet of guardian spirit
 A - a +2 ring of dexterity
 G - an uncursed ring of stealth
 J - an uncursed ring of fire
 O - an uncursed ring of sustain attributes
 S - a ring of magical power (right hand)
 X - an uncursed ring of protection from cold
Wands
 z - a wand of iceblast (7/15)
 P - a wand of polymorph (8/24)
Scrolls
 a - a scroll of fog {unknown}
 d - a scroll of enchant weapon
 g - 4 scrolls of amnesia
 i - 5 scrolls of immolation
 l - 3 scrolls of enchant armour
 q - a scroll of fear {unknown}
 v - 2 scrolls of teleportation {unknown}
 C - a scroll of recharging
 F - a scroll of random uselessness {unknown}
 I - a scroll of magic mapping {unknown}
 K - 6 scrolls of remove curse {unknown}
 W - a scroll of blinking {unknown}
Potions
 e - 4 potions of flight
 m - 2 potions of brilliance
 p - a potion of berserk rage
 r - 2 potions of curing
 w - a potion of agility {unknown}
 B - a potion of lignification {unknown}
 E - 2 potions of resistance {unknown}
 M - 2 potions of heal wounds {unknown}
 N - 3 potions of haste {unknown}
 R - a potion of cancellation {unknown}
 Y - a potion of mutation {unknown}
Books
 b - a book of Conjurations

   Spells                             Type                      Level
   a - Magic Dart                     Conjuration                  1
   b - Searing Ray                    Conjuration                  2
   c - Dazzling Spray                 Conjuration/Hexes            3
   d - Fulminant Prism                Conjuration/Hexes            4
   e - Iskenderun's Mystic Blast      Conjuration                  4
   f - Iskenderun's Battlesphere      Conjuration/Charms           5
 t - a book of Unlife

   Spells                             Type                      Level
   a - Recall                         Summoning/Translocation      3
   b - Animate Dead                   Necromancy                   4
   c - Control Undead                 Necromancy                   4
   d - Cigotuvi's Embrace             Necromancy                   5
   e - Death Channel                  Necromancy                   6
   f - Simulacrum                     Ice/Necromancy               6
 D - a book of Transfigurations

   Spells                             Type                      Level
   a - Irradiate                      Conjuration/Transmutation    5
   b - Statue Form                    Transmutation/Earth          6
   c - Hydra Form                     Transmutation                6
   d - Dragon Form                    Transmutation                7
 H - a book of Envenomations

   Spells                             Type                      Level
   a - Spider Form                    Transmutation/Poison         3
   b - Olgreb's Toxic Radiance        Poison                       4
   c - Alistair's Intoxication        Transmutation/Poison         5
   d - Poisonous Cloud                Conjuration/Poison/Air       6
 Q - a book of Air

   Spells                             Type                      Level
   a - Shock                          Conjuration/Air              1
   b - Swiftness                      Charms/Air                   2
   c - Repel Missiles                 Charms/Air                   2
   d - Static Discharge               Conjuration/Air              3
   e - Lightning Bolt                 Conjuration/Air              5
Comestibles
 c - 9 bread rations
 h - 2 beef jerkies
 u - 3 meat rations
 V - a fruit


   Skills:
 - Level 2.4 Dodging
 - Level 2.4 Stealth
 + Level 15.9 Spellcasting
 + Level 14.1 Conjurations
 + Level 5.3 Charms
 + Level 3.5 Air Magic


You had 19 spell levels left.
You knew the following spells:

 Your Spells              Type           Power        Failure   Level  Hunger
a - Magic Dart            Conj           ####         0%          1    None
b - Iskenderun's Battles  Conj/Chrm      ######..     1%          5    #......
c - Iskenderun's Mystic   Conj           ######..     1%          4    None
d - Repel Missiles        Chrm/Air       #####.       1%          2    None
e - Swiftness             Chrm/Air       #####...     1%          2    None
l - Lightning Bolt        Conj/Air       ######....   1%          5    #......
s - Static Discharge      Conj/Air       ######..     1%          3    None


Dungeon Overview and Level Annotations

Branches:
Dungeon (11/15)            Temple (1/1) D:5            Lair (1/8) D:11
    Orc (0/2) D:9

Altars:
Ashenzari
Cheibriados
Dithmenos
Elyvilon
Fedhas
Gozag
Kikubaaqudgha
Makhleb
Nemelex Xobeh
Okawaru
Pakellas
Qazlal
Ru
Sif Muna
Trog
Xom
Yredelemnul
Zin
The Shining One

Shops:
D:4 :   D:8 (


Message History

The orb of energy explodes!
The mystic blast hits the wolf.
You kill the wolf!
The wolf bites you.
* * * LOW HITPOINT WARNING * * *
Casting: Iskenderun's Mystic Blast
Confirm with . or Enter, or press ? or * to list all spells.
You conjure a globe of magical energy.
The wolf closely misses you. The wolf barely misses you.
Casting: Iskenderun's Battlesphere
Confirm with . or Enter, or press ? or * to list all spells.
Aiming: Iskenderun's Mystic Blast
Press: ? - help, Shift-Dir - straight line, f/p - wolf
Aim: a wolf (moderately wounded)
The orb of energy hits the wolf.
The wolf is heavily wounded.
Your battlesphere fires!
The barrage of energy hits the wolf.
The wolf is almost dead.
The wolf bites you!
You die...

.....###.†..#.
...#. #....#) ##.#
###†.... ##.#
##.((....
#.?###......##
#....#......#
###..†.(##.....
####.....(.##.#...
#@h../...).#..#...
#.†....#..#.......
#*.†#P##.†...#>..#
###.###$.....#..
### .%.....#
#.......#
##.....## ..#..


You could see a wolf and a friendly battlesphere.

Vanquished Creatures
  Gastronok (D:10)
  Harold (D:11)
  3 hill giants
  A cyclops (D:11)
  Joseph (Lair:1)
  3 komodo dragons
  A merfolk (D:11)
  A troll (D:9)
  Sigmund (D:2)
  A wraith (D:11)
  A wyvern (D:11)
  2 humans (D:8)
  2 hippogriffs
  A soldier ant (D:8)
  5 porcupines (Lair:1)
  2 orc warriors
  An ice beast (D:10)
  A phantom (D:9)
  A sky beast (D:7)
  A black bear (D:3)
  5 wolves (Lair:1)
  4 ogres
  4 centaurs
  A big kobold (D:9)
  4 elf zombies (Ossuary)
  10 giant frogs
  3 jellies
  A water moccasin skeleton (D:6)
  2 scorpions
  6 killer bees
  5 wights (D:9)
  4 howler monkeys
  6 crimson imps
  A centaur zombie (Ossuary)
  A quasit (D:10)
  4 orc priests
  7 hounds
  7 iguanas
  3 centaur skeletons
  A human zombie (Ossuary)
  3 giant frog skeletons
  Terence (D:2)
  6 worker ants
  Natasha (thrice) (D:2)
  13 orc wizards
  2 big kobold zombies (Ossuary)
  2 mummies (Ossuary)
  2 worker ant zombies
  4 gnolls (D:4)
  16 adders
  An adder skeleton (D:5)
  2 worms
  5 dart slugs
  4 giant geckos
  58 orcs
  5 giant cockroaches
  10 goblins
  13 hobgoblins
  15 jackals
  5 quokkas
  3 ball pythons
  21 bats
  A giant cockroach zombie (D:6)
  A giant gecko skeleton (D:7)
  5 giant newts
  2 goblin zombies (Ossuary)
  10 hobgoblin zombies (Ossuary)
  A jackal skeleton (D:7)
  19 kobolds
  11 kobold zombies (Ossuary)
  6 orc zombies (Ossuary)
  A quokka skeleton (D:9)
  6 rats
  3 fungi (D:7)
370 creatures vanquished.

Vanquished Creatures (others)
  5 fungi
  10 plants (D:11)
15 creatures vanquished.

Grand Total: 385 creatures vanquished

Notes
Turn   | Place    | Note
--------------------------------------------------------------
     0 | D:1      | lorenzova the Deep Elf Conjurer began the quest for the Orb.
     0 | D:1      | Reached XP level 1. HP: 10/10 MP: 6/6
   431 | D:1      | Reached XP level 2. HP: 15/15 MP: 4/8
   968 | D:1      | Reached skill level 4 in Spellcasting
  1138 | D:2      | Reached XP level 3. HP: 19/19 MP: 3/10
  1232 | D:2      | Reached skill level 5 in Conjurations
  1861 | D:2      | Reached XP level 4. HP: 24/24 MP: 8/12
  1867 | D:2      | Learned a level 4 spell: Iskenderun's Mystic Blast
  2016 | D:2      | Noticed Natasha
  2019 | D:2      | Killed Natasha
  2020 | D:2      | Reached skill level 5 in Spellcasting
  2023 | D:2      | Noticed Terence
  2132 | D:2      | Killed Terence
  2135 | D:2      | Noticed Natasha
  2312 | D:2      | Killed Natasha
  2312 | D:2      | Reached XP level 5. HP: 28/28 MP: 1/14
  2475 | D:2      | Found a blossoming altar of Fedhas.
  2536 | D:2      | Noticed Sigmund
  2754 | D:2      | Killed Sigmund
  2754 | D:2      | Reached skill level 6 in Spellcasting
  2754 | D:2      | Reached XP level 6. HP: 32/32 MP: 2/17
  2893 | D:2      | Noticed Natasha
  2897 | D:2      | Killed Natasha
  3611 | D:3      | Reached skill level 7 in Spellcasting
  3964 | D:3      | Found a glowing golden altar of the Shining One.
  4142 | D:3      | Reached XP level 7. HP: 36/36 MP: 6/19
  4849 | D:4      | Found Uzyu's Book Shop.
  4888 | D:4      | Reached skill level 8 in Spellcasting
  4959 | D:4      | Found an oddly glowing altar of Pakellas.
  5268 | D:4      | Found a sparkling altar of Nemelex Xobeh.
  5839 | D:5      | Entered Level 5 of the Dungeon
  6007 | D:5      | Found a staircase to the Ecumenical Temple.
  6134 | Temple   | Entered the Ecumenical Temple
  6403 | D:5      | Reached skill level 9 in Spellcasting
  6403 | D:5      | Reached XP level 8. HP: 41/41 MP: 10/23
  6604 | D:5      | Found an ancient bone altar of Kikubaaqudgha.
  7267 | D:6      | Found a shattered altar of Ashenzari.
  7385 | D:6      | Found a snail-covered altar of Cheibriados.
  7398 | D:6      | Found a burning altar of Makhleb.
  7432 | D:6      | Found a deep blue altar of Sif Muna.
  7441 | D:6      | Became a worshipper of Sif Muna the Loreminder
  7652 | D:6      | Found a glowing silver altar of Zin.
  7914 | D:6      | Reached skill level 10 in Spellcasting
  8392 | D:7      | Found an opulent altar of Gozag.
  8553 | D:7      | Learned a level 5 spell: Iskenderun's Battlesphere
  8560 | D:7      | Reached * piety under Sif Muna
  8804 | D:7      | Reached skill level 10 in Conjurations
  9063 | D:7      | Reached XP level 9. HP: 40/45 MP: 16/25
  9152 | D:7      | Reached skill level 11 in Spellcasting
  9301 | D:7      | Found a bloodstained altar of Trog.
  9865 | D:8      | Found Afrodyel's Antique Weapon Boutique.
  9996 | D:8      | Reached ** piety under Sif Muna
 10044 | D:8      | Found a sand-covered staircase.
 10054 | Ossuary  | Entered an ossuary
 11165 | D:8      | Reached skill level 12 in Spellcasting
 11484 | D:8      | Found an iron altar of Okawaru.
 11697 | D:9      | Reached *** piety under Sif Muna
 11876 | D:9      | Noticed a troll
 11983 | D:8      | Reached skill level 13 in Spellcasting
 12098 | D:9      | Reached XP level 10. HP: 50/50 MP: 16/29
 12544 | D:9      | Noticed a hill giant
 12553 | D:9      | Killed a hill giant
 13006 | D:9      | Reached **** piety under Sif Muna
 13356 | D:9      | Found a staircase to the Orcish Mines.
 14134 | D:9      | Reached skill level 14 in Spellcasting
 14193 | D:10     | Entered Level 10 of the Dungeon
 14218 | D:10     | Noticed a hill giant
 14221 | D:10     | Killed a hill giant
 14221 | D:10     | Reached ***** piety under Sif Muna
 14606 | D:10     | Got a crude trident
 14607 | D:10     | Identified the +7 trident of the First Dances {holy, +Rage +Inv rC- Dex+4} (You found it on level 10 of the Dungeon)
 14984 | D:10     | Learned a level 3 spell: Static Discharge
 14996 | D:10     | Noticed Gastronok
 15003 | D:10     | Killed Gastronok
 15003 | D:10     | Reached skill level 15 in Spellcasting
 15003 | D:10     | Reached XP level 11. HP: 41/54 MP: 15/32
 15717 | D:11     | Found a staircase to the Lair.
 15748 | D:11     | Learned a level 2 spell: Repel Missiles
 15751 | D:11     | Learned a level 2 spell: Swiftness
 15757 | D:11     | Learned a level 5 spell: Lightning Bolt
 15873 | D:11     | Reached skill level 1 in Charms
 16269 | D:11     | Noticed Harold
 16277 | D:11     | Killed Harold
 16277 | D:11     | Reached ****** piety under Sif Muna
 16277 | D:11     | Received a gift from Sif Muna
 16277 | D:11     | Reached skill level 1 in Air Magic
 16453 | D:11     | Noticed a hill giant
 16458 | D:11     | Killed a hill giant
 16745 | Lair:1   | Entered Level 1 of the Lair of Beasts
 16752 | Lair:1   | Noticed Joseph
 16766 | Lair:1   | Killed Joseph
 16902 | Lair:1   | Reached skill level 5 in Charms
 16910 | Lair:1   | Slain by a wolf

Skill      XL: |  1  2  3  4  5  6  7  8  9 10 11 |
---------------+----------------------------------+-----
Spellcasting   | 4 5 6 7 9 10 13 15 | 15.9
Conjurations   | 5 6 7 8 10 11 13 14 | 14.1
Charms         | 5 |  5.3
Air Magic      | 3 |  3.5
Dodging        | |  2.4
Stealth        | |  2.4

Action                   |  1- 3 |  4- 6 |  7- 9 | 10-12 || total
-------------------------+-------+-------+-------+-------++-------
Melee: Dagger            |       |       |    70 |       ||    70
       Trident           |       |       |       |     4 ||     4
 Cast: Magic Dart        |    71 |    78 |   437 |   182 ||   768
       Iskenderun's Myst |       |    18 |    22 |    39 ||    79
       Iskenderun's Batt |       |       |    36 |    44 ||    80
       Static Discharge  |       |       |       |     4 ||     4
       Lightning Bolt    |       |       |       |     2 ||     2
  Use: Scroll            |       |       |    11 |     3 ||    14
  Eat: Chunk             |     3 |     7 |    18 |     4 ||    32
       Beef jerky        |       |     1 |       |       ||     1
       Royal jelly       |       |       |     3 |       ||     3
       Meat ration       |       |       |     1 |     2 ||     3
       Pizza             |       |       |       |     1 ||     1
       Fruit             |       |       |       |     1 ||     1
Armor: Robe              |     2 |       |    26 |     3 ||    31
Dodge: Dodged            |     4 |     5 |    94 |    39 ||   142
Block: Buckler           |       |       |     1 |     9 ||    10
